[Event "*** SCC Grand Prix: Titled Tuesday Blitz"]
[Site "Chess.com"]
[Date "2020.10.06"]
[Round "3"]
[White "chegueps"]
[Black "HrvojeZagreb"]
[Result "0-1"]
[WhiteElo "2466"]
[BlackElo "2132"]
[TimeControl "180+1"]
[EndTime "10:27:58 PDT"]
[Termination "HrvojeZagreb won on time"]

1. e4 e6 2. Qe2 c5 3. c3 Nc6 4. g3 e5 5. Bg2 g6 6. d3 Bg7 7. f4 d6 8. Nf3 h6 9. O-O Nge7 10. f5 gxf5 11. Nh4 f4 12. gxf4 Ng6 13. Nxg6 fxg6 14. f5 Qh4 15. fxg6 Bg4 16. Qc2 O-O-O 17. Rf7 Rd7 18. Qf2 Qh5 19. h3 Be6 20. Rxd7 Kxd7 21.
Qg3 Qd1+ 22. Kh2 Qxc1 23. Qf2 Rf8 24. Qd2 Qxd2 25. Nxd2 Rf2 26. Rd1 h5 27. Kg3 Rf6 28.
Nf3 Rxg6+ 29. Kf2 Bf6 30. a4 a5 31. Rc1 Ne7 32. Ra1 Rg8 33. Rb1 Ng6 34. b4 cxb4 35. cxb4 Nh4 36. Nxh4 Bxh4+ 37. Kf1 Rf8+ 38. Kg1 Bf2+ 39.
Kh2 axb4 40. Rxb4 b6 41. Rb2 Bc5 42. Bf1 Rxf1 43. Kg2 Rf2+ 44. Rxf2 Bxf2 45. Kxf2 Bxh3 0-1

[Event "*** SCC Grand Prix: Titled Tuesday Blitz"]
[Site "Chess.com"]
[Date "2020.10.06"]
[Round "3"]
[White "DenLaz"]
[Black "Sven_Tica"]
[Result "0-1"]
[WhiteElo "2809"]
[BlackElo "2654"]
[TimeControl "180+1"]
[EndTime "10:27:59 PDT"]
[Termination "Sven_Tica won by resignation"]

1. d4 d5 2. c4 e6 3. Nf3 Nf6 4.
Nc3 Nbd7 5. cxd5 exd5 6. Bg5 c6 7. e3 Bd6 8. Bd3 Nf8 9. Ne5 Qe7 10. f4 h6 11. Bh4 g5 12. Bf2 gxf4 13. exf4 Ng4 14.
O-O Nxf2 15. Rxf2 Ne6 16. Qh5 Ng7 17. Qf3 Bf5 18. Re2 Bxd3 19. Nxd3 Ne6 20. f5 O-O-O 21. fxe6 fxe6 22. Qh3 Rde8 23. Rf1 Qg7 24. Ne5 Re7 25.
Nf3 Rhe8 26. Rfe1 Qg6 27. Ne5 Qf6 28. Qe3 Kc7 29. Na4 Rg7 30. Nc5 b6 31. Ncd3 Reg8 32. Rf1 Qh4 33. Nf4 Kb7 34. Nxe6 Re7 35. Nf4 Rxe5 36.
dxe5 Bc5 37. Qxc5 bxc5 38. e6 Re8 39. g3 Qg4 40. Rc2 h5 41. Rxc5 h4 42. Rc3 hxg3 43. hxg3 Qf5 44. Re1 Kc7 45. Rce3 Kd6 46. e7 d4 47.
Re6+ Kd7 48. Rd1 c5 49. Rde1 d3 50. R6e3 c4 51. b3 d2 52. Rd1 Qc2 53. Rxd2+ Qxd2 54. Re5 Qd4+ 55. Kg2 Qxe5 0-1

[Event "*** SCC Grand Prix: Titled Tuesday Blitz"]
[Site "Chess.com"]
[Date "2020.10.06"]
[Round "3"]
[White "DenisQ"]
[Black "Anton_Demchenko"]
[Result "1-0"]
[WhiteElo "2669"]
[BlackElo "2827"]
[TimeControl "180+1"]
[EndTime "10:28:01 PDT"]
[Termination "DenisQ won on time"]

1. Nf3 Nf6 2. c4 g6 3. Nc3 Bg7 4. g3 O-O 5. Bg2 d6 6. O-O Nbd7 7. Rb1 a5 8. d3 c6 9. e4 e5 10. h3 Nc5 11. Be3 Re8 12. a3 Bd7 13. b4 axb4 14. axb4 Ne6 15. d4 exd4 16. Nxd4 h6 17. Qd2 Ng5 18. Bxg5 hxg5 19. Qxg5 Ra3 20. Qd2 Nh7 21.
Nde2 Be6 22. b5 Bxc4 23. bxc6 bxc6 24. Rfd1 Bb3 25. Qxd6 Qxd6 26. Rxd6 Rc8 27. Rc1 Bf8 28. Rd2 c5 29. Nd5 c4 30. Nd4 Ra7 31. Nxb3 Ba3 32. Rcc2 Rb7 33. Na5 Rb1+ 34. Kh2 Kg7 35. Nxc4 Bf8 36.
Ne5 Rxc2 37. Rxc2 Ng5 38. h4 Ne6 39. Nf4 Nd4 40. Rc7 Bd6 41. Rxf7+ Kg8 42. Nfxg6 1-0

[Event "*** SCC Grand Prix: Titled Tuesday Blitz"]
[Site "Chess.com"]
[Date "2020.10.06"]
[Round "3"]
[White "guillembaches"]
[Black "stefy02"]
[Result "1-0"]
[WhiteElo "2409"]
[BlackElo "2234"]
[TimeControl "180+1"]
[EndTime "10:28:01 PDT"]
[Termination "guillembaches won on time"]

1. e4 c5 2. Nf3 Nc6 3. d4 cxd4 4. Nxd4 g6 5. c4 Bg7 6. Nc2 Nf6 7. Nc3 d6 8. Be2 O-O 9. O-O Be6 10. Be3 Na5 11. Na3 Qc8 12. Qa4 Nc6 13. Rac1 Nd7 14. f3 Nc5 15.
Qc2 Nd4 16. Qd2 Nxe2+ 17. Nxe2 Na4 18. Nd4 Bd7 19. b3 Nb6 20. Nab5 Bc6 21. Rfd1 Nd7 22.
Ne2 a6 23. Nbd4 b6 24. Nxc6 Qxc6 25. Bh6 Nc5 26. Bxg7 Kxg7 27. Nd4 Qd7 28. Kh1 Ne6 29. Ne2 Rfc8 30. Qb2+ f6 31. Rc2 b5 32. Rdc1 b4 33.
Rd2 a5 34. Rcd1 Rc5 35. Nc1 Nf4 36. Nd3 Nxd3 37. Rxd3 a4 38. Rd5 Qc7 39. h3 Qb6 40.
Qd2 axb3 41. axb3 Ra3 42. Qd3 Rxd5 43. exd5 Qf2 44. Qe4 Kf8 45. Re1 Ra7 46. Qe6 Qd2 47.
Re3 Qc1+ 48. Kh2 Qa1 49. f4 Qd4 50. Re4 Qf2 51. Qc8+ Kg7 52. Qe8 Kh6 53. Qf8+ Kh5 54. f5 h6 55. Qg7 1-0

[Event "*** SCC Grand Prix: Titled Tuesday Blitz"]
[Site "Chess.com"]
[Date "2020.10.06"]
[Round "3"]
[White "TokChess"]
[Black "burbur555"]
[Result "0-1"]
[WhiteElo "2402"]
[BlackElo "2585"]
[TimeControl "180+1"]
[EndTime "10:28:02 PDT"]
[Termination "burbur555 won by resignation"]

1. Nf3 d5 2. d4 c6 3. c4 Nf6 4.
Nc3 e6 5. e3 Nbd7 6. Bd3 Bd6 7.
Bd2 O-O 8. g4 dxc4 9. Bxc4 Nd5 10. Qe2 Nxc3 11. Bxc3 Qe7 12. O-O-O b5 13. Bd3 b4 14.
Bd2 a5 15. Kb1 a4 16. Rc1 Bb7 17. h4 c5 18. Rhd1 cxd4 19. Nxd4 Nc5 20. Nb5 Nxd3 21.
Qxd3 Bc5 22. Nd4 b3 23. Qb5 bxa2+ 24. Ka1 Rfc8 25. h5 h6 26. Rc3 Bxd4 27. exd4 Bd5 28.
Rdc1 Rxc3 29. bxc3 Bb3 30. c4 Qf6 31. Be3 Rc8 32. c5 e5 33. Qb4 exd4 34. Qxd4 Qe6 35. Rg1 f6 36. Rc1 Qc6 37. Kb2 Re8 38. Ka1 Re4 39.
Qd8+ Kh7 40. Qd3 Kg8 41. f3 Re8 42. Bf2 Kf7 43. Qd4 Re7 44. Kb2 Rd7 45. Qc3 Rd5 46. Ka1 Re5 47. Bg3 Re7 48. Bd6 Rb7 49. Qd3 Be6 50. Re1 Qd5 51. Qxd5 Bxd5 52. Rc1 Rb1+ 53.
Rxb1 axb1=Q+ 54. Kxb1 Bxf3 0-1

[Event "*** SCC Grand Prix: Titled Tuesday Blitz"]
[Site "Chess.com"]
[Date "2020.10.06"]
[Round "3"]
[White "ferch1ni"]
[Black "Iskusnyh"]
[Result "0-1"]
[WhiteElo "2369"]
[BlackElo "2558"]
[TimeControl "180+1"]
[EndTime "10:28:02 PDT"]
[Termination "Iskusnyh won by resignation"]

1. e4 e6 2. d4 d5 3. e5 c5 4. c3 Nc6 5. Nf3 Qb6 6. a3 Nh6 7. b4 cxd4 8. cxd4 Nf5 9. Be3 g6 10. Bd3 Nxe3 11. fxe3 Bh6 12. Qe2 O-O 13. g4 Bd7 14. h4 Rac8 15. g5 Bg7 16. Nbd2 Ne7 17.
h5 a5 18. Rb1 axb4 19. Rxb4 Qa5 20. Kf2 Rc7 21. h6 Bh8 22. Rhb1 Bc8 23. R4b3 Nc6 24. Nh2 Qa4 25. Bb5 Qa7 26. Ng4 Nxd4 27. exd4 Qxd4+ 28. Re3 Qf4+ 29. Qf3 Qxg5 30. Bd3 f5 31. Nf6+ Bxf6 32. exf6 Qxh6 33. Rh1 Qg5 34. Qh3 e5 35. f7+ Rcxf7 36.
Nf3 Qxe3+ 37. Kxe3 f4+ 38. Kf2 Bxh3 39. Rxh3 e4 40. Ng5 exd3 41. Nxf7 Rxf7 42. Rxd3 Rf5 43. Rb3 Rf7 44. Kf3 g5 45. Rb5 Rd7 46. Kg4 h6 47.
Kh5 Kg7 48. Rb6 d4 49. Rg6+ Kf7 50. Kxh6 d3 51. Rg7+ Ke6 52. Rg6+ Kf5 53. Rxg5+ Ke4 54. Rg1 d2 55. Rd1 Ke3 56. Kg5 Ke2 57. Rxd2+ Kxd2 58. Kxf4 Kc3 59. a4 Kb4 60. Ke5 Kxa4 0-1

[Event "*** SCC Grand Prix: Titled Tuesday Blitz"]
[Site "Chess.com"]
[Date "2020.10.06"]
[Round "3"]
[White "Mikhail_Golubev"]
[Black "RusPakhom"]
[Result "1/2-1/2"]
[WhiteElo "2514"]
[BlackElo "2305"]
[TimeControl "180+1"]
[EndTime "10:28:02 PDT"]
[Termination "Game drawn by repetition"]

1. e4 c5 2. Nf3 Nc6 3. Nc3 g6 4.
d4 cxd4 5. Nxd4 Bg7 6. Be3 Nf6 7.
Bc4 O-O 8. Bb3 d6 9. f3 Nxd4 10.
Bxd4 Be6 11. Qd2 Rc8 12. O-O-O Bxb3 13. cxb3 Qa5 14. Kb1 e6 15. g4 Rfd8 16. h4 h5 17.
Bxf6 Bxf6 18. Nd5 Qxd2 19. Nxf6+ Kg7 20. Nxh5+ gxh5 21. Rxd2 hxg4 22. Rg2 d5 23. e5 Kg6 24. Rxg4+ Kf5 25. Re1 Rg8 26. Rxg8 Rxg8 27. Rc1 Rh8 28. Rc7 Rxh4 29. Rxf7+ Kxe5 30. Rxb7 d4 31. Kc2 Rh2+ 32. Kd3 Rf2 33. Rb5+ Kf4 34. Kxd4 Rxb2 35. Rb7 Rxa2 36. Rf7+ Kg5 37. Ke5 Kg6 38. Rf6+ Kg7 39. Rxe6 Rb2 40. Re7+ Kf8 41. Rxa7 Rxb3 42. f4 Rb5+ 43. Kf6 Rb6+ 44. Kg5 Rb5+ 45. f5 Rb6 46. f6 Rb1 47. Ra8+ Kf7 48. Ra7+ Kf8 49. Ra8+ Kf7 50. Ra7+ Kf8 1/2-1/2

[Event "*** SCC Grand Prix: Titled Tuesday Blitz"]
[Site "Chess.com"]
[Date "2020.10.06"]
[Round "3"]
[White "MikeSailer"]
[Black "Susal_De_Silva"]
[Result "0-1"]
[WhiteElo "2079"]
[BlackElo "2481"]
[TimeControl "180+1"]
[EndTime "10:28:02 PDT"]
[Termination "Susal_De_Silva won on time"]

1. d4 Nf6 2. Nf3 e6 3. Bf4 d5 4.
e3 Bd6 5. Nbd2 O-O 6. Bd3 c5 7. c3 Nc6 8. Ne5 Qc7 9. Ndf3 Ne7 10. O-O c4 11. Bc2 b5 12. Re1 Bb7 13. Nd2 Ng6 14.
Nxg6 hxg6 15. Bxd6 Qxd6 16. e4 dxe4 17. Nxe4 Nxe4 18.
Bxe4 Bxe4 19. Rxe4 b4 20. Qf3 Qd5 21. Rae1 Rab8 22.
Qh3 bxc3 23. Rh4 f5 24. bxc3 Kf7 25. Qg3 Rb7 26. h3 Qd8 27. Rh7 Qf6 28. Rh4 Re7 29. Rf4 Rfe8 30. Rf3 g5 31. Qd6 Kg6 32. Rfe3 e5 33. dxe5 Rxe5 34. Qxf6+ gxf6 35. Rxe5 fxe5 36. Rb1 Re6 37. Rb7 Ra6 38. Rc7 Ra4 39. Rc6+ Kh5 40.
Rc5 e4 41. Rxf5 Rxa2 42. Rc5 Ra4 43. Re5 Ra3 44. Rxe4 Rxc3 45. Re7 a5 46. Ra7 Ra3 47. Ra6 g4 48. hxg4+ Kxg4 0-1

[Event "*** SCC Grand Prix: Titled Tuesday Blitz"]
[Site "Chess.com"]
[Date "2020.10.06"]
[Round "3"]
[White "IngOscarArdila"]
[Black "tk22h"]
[Result "0-1"]
[WhiteElo "2128"]
[BlackElo "2336"]
[TimeControl "180+1"]
[EndTime "10:28:02 PDT"]
[Termination "tk22h won on time"]

1. d4 Nf6 2. c4 g6 3. Nc3 d5 4.
cxd5 Nxd5 5. e4 Nxc3 6. bxc3 Bg7 7. Bc4 O-O 8. Ne2 c5 9. O-O Nc6 10. Be3 Qc7 11. Rc1 Rd8 12. Qd2 a6 13. a4 Na5 14.
Bd5 e6 15. Ba2 b5 16. d5 c4 17. Bf4 e5 18. Bg5 f6 19. Be3 Nb7 20. Rb1 Bd7 21. f4 Nc5 22. Bxc5 Qxc5+ 23. Kh1 f5 24. Ng3 exf4 25.
Qxf4 Rf8 26. exf5 Qxd5 27. Rbd1 Qc6 28. Rd6 Qc7 29. Qd2 Bxf5 30. Nxf5 gxf5 31. Rd7 Rad8 32. Qd5+ Kh8 33. Rxd8 Qxd8 34. Qb7 Qd3 35. Rg1 Bxc3 36. axb5 axb5 37. Bb1 Qe3 38. Qxb5 Bd4 39. Rf1 c3 40.
Qd3 Qxd3 41. Bxd3 f4 42. h3 Be3 43. g3 f3 44. Be4 f2 45. Kg2 Rd8 46. Rb1 Rd4 47.
Bc2 Rd2 48. Ba4 Rb2 49. Rd1 c2 50. Bxc2 Rxc2 51. Rf1 Kg7 52. g4 h6 53. Rd1 Kf6 54.
Kf3 Bc5 55. h4 Rc3+ 56. Kg2 Ke5 57. g5 hxg5 58. hxg5 Kf5 59. Rd5+ Kg6 0-1

[Event "*** SCC Grand Prix: Titled Tuesday Blitz"]
[Site "Chess.com"]
[Date "2020.10.06"]
[Round "3"]
[White "elohunter1999"]
[Black "TrimitziosP7"]
[Result "0-1"]
[WhiteElo "2581"]
[BlackElo "2807"]
[TimeControl "180+1"]
[EndTime "10:28:04 PDT"]
[Termination "TrimitziosP7 won by resignation"]

1. e4 e5 2. Nf3 Nf6 3. Nxe5 Nc6 4. Nf3 Nxe4 5. d4 d5 6. Bd3 Bd6 7. O-O O-O 8. c4 Nf6 9. c5 Be7 10. h3 h6 11. Nc3 Be6 12. Bf4 b6 13. cxb6 axb6 14.
Qd2 Re8 15. Rae1 Bf8 16. Bb1 Qd7 17. Ne5 Nxe5 18. Bxe5 Be7 19. Qd3 g6 20. Qe3 Kh7 21. Qf4 Nh5 22. Qf3 Ng7 23. Re3 Nf5 24. Bxf5 gxf5 25. Rfe1 Rg8 26. Bf4 Bf6 27. Be5 Bg5 28. Rd3 Rg6 29. Bf4 Rag8 30. g3 c6 31. Nd1 Bf6 32.
Kh2 c5 33. Be5 Bg5 34. Nc3 c4 35. Rdd1 b5 36. Ne2 b4 37. Nf4 Bxf4 38. Bxf4 Qa4 39. a3 bxa3 40. bxa3 Qc2 41. Rd2 Qa4 42. h4 Rg4 43. Re5 Qa5 44. Rde2 Qd8 45. Bc1 Qf6 46.
a4 f4 47. Bxf4 Rxh4+ 48. gxh4 Qxh4+ 0-1

[Event "*** SCC Grand Prix: Titled Tuesday Blitz"]
[Site "Chess.com"]
[Date "2020.10.06"]
[Round "3"]
[White "esrosenberg"]
[Black "MoreChessJulia"]
[Result "1-0"]
[WhiteElo "2301"]
[BlackElo "1937"]
[TimeControl "180+1"]
[EndTime "10:28:04 PDT"]
[Termination "esrosenberg won on time"]

1. Nf3 g6 2. e4 Bg7 3. Bc4 c5 4. c3 Nc6 5. d4 cxd4 6. cxd4 d6 7. h3 Nf6 8. Nc3 a6 9. O-O b5 10. Bd3 O-O 11. a3 e5 12. d5 Ne7 13. b4 Nh5 14. a4 bxa4 15. Nxa4 Nf4 16. Be3 f5 17. Rc1 fxe4 18. Bxe4 Nf5 19. Bb6 Qe8 20. Ng5 Nd4 21. Rc7 Nde2+ 22. Kh2 h6 23. Ne6 Bxe6 24. dxe6 Qxe6 25.
Bxa8 Rxa8 26. Qc2 e4 27. Qc4 d5 28. Qc6 Qxc6 29. Rxc6 Kh7 30. g3 Nd3 31. Rc7 Ne5 32. Nc5 Nf3+ 33. Kg2 Re8 34. Nxa6 g5 35. Be3 Kg6 36.
b5 d4 37. Bc1 Be5 38. Rc6+ Kh7 39. Bb2 Nd2 40. Ra1 Nc4 41. Rxc4 d3 42. Bxe5 Rxe5 43. b6 Rb5 44. Rc7+ Kg6 45. b7 d2 46. b8=Q Rxb8 47. Nxb8 Nc1 48. Rd7 Nb3 49. Ra6+ 1-0

[Event "*** SCC Grand Prix: Titled Tuesday Blitz"]
[Site "Chess.com"]
[Date "2020.10.06"]
[Round "3"]
[White "Unkreativ3"]
[Black "OldweakGM"]
[Result "0-1"]
[WhiteElo "2531"]
[BlackElo "2773"]
[TimeControl "180+1"]
[EndTime "10:28:06 PDT"]
[Termination "OldweakGM won by resignation"]

1. d4 d5 2. c4 dxc4 3. e4 Nf6 4.
e5 Nd5 5. Bxc4 Nb6 6. Bb3 Nc6 7.
Ne2 Bf5 8. Nbc3 e6 9. O-O Nb4 10. Ng3 Bg6 11. f4 Nd3 12. f5 Qxd4+ 13. Kh1 O-O-O 14.
fxg6 hxg6 15. Qf3 Rxh2+ 16. Kxh2 Qh4+ 17. Kg1 Bc5+ 18. Be3 Rh8 19. Rfd1 Nxe5 20. Qe4 Qxe4 21. Ngxe4 Bxe3+ 22. Kf1 Nbd7 23. Ke2 Bb6 24. Rh1 Rg8 25. Raf1 Kd8 26. Ng5 Ke7 27. Nf3 Nc6 28. Rh7 Nf6 29.
Rh3 Nh5 30. Ng5 Nf6 31. Nge4 Nd4+ 32. Ke1 Ng4 33. Ng5 Ne5 34. Nf3 Ndxf3+ 35. gxf3 Nd3+ 36.
Ke2 Nf4+ 37. Kd2 Nxh3 38. Ne4 Nf4 39. Kc2 Rd8 40. Rh1 Nh5 41. Ng5 c6 42. Re1 Bf2 43.
Re2 Bh4 44. Nxe6 fxe6 45. Rxe6+ Kf8 46. Rxg6 Bf6 47. Rg4 Rd4 48. Rg1 Rh4 49. Kd3 Nf4+ 50. Ke4 Ne2+ 0-1

[Event "*** SCC Grand Prix: Titled Tuesday Blitz"]
[Site "Chess.com"]
[Date "2020.10.06"]
[Round "3"]
[White "andrzej"]
[Black "Angel_Hranitel_37"]
[Result "0-1"]
[WhiteElo "2321"]
[BlackElo "2528"]
[TimeControl "180+1"]
[EndTime "10:28:06 PDT"]
[Termination "Angel_Hranitel_37 won by checkmate"]

1. d4 Nf6 2. c4 e6 3. Nf3 Bb4+ 4. Nbd2 b6 5. a3 Bxd2+ 6. Qxd2 Bb7 7. e3 a5 8. b3 d6 9. Be2 Nbd7 10. O-O O-O 11.
Bb2 Qe7 12. b4 Ne4 13. Qc2 f5 14. Ne1 Qh4 15. f3 Nef6 16. Nd3 Ba6 17. Nf4 Rae8 18. d5 exd5 19. cxd5 Bxe2 20. Qxe2 Qxf4 21. Rfe1 Qg5 22.
Rac1 Rc8 23. Rcd1 Rfe8 24. Qf2 Qg6 25. Rd4 Ne5 26. Red1 a4 27. b5 Nfd7 28. Rxa4 Nc5 29. Rad4 Ra8 30. h3 Nb3 31. Rf4 Nc5 32. Rfd4 f4 33. exf4 Ned3 34. Qd2 Nxb2 35. Qxb2 Re3 36. a4 Rae8 37. Qf2 Re2 38. Qf1 Qg3 39. Rc4 Re1 40.
Rxe1 Rxe1 41. Re4 Rxf1+ 42. Kxf1 Nxe4 43. fxe4 Qxf4+ 44. Ke2 Qxe4+ 45. Kf1 Qxa4 46. Kg1 Qxb5 47. Kh2 Qxd5 48. h4 b5 49. Kh3 c5 50. g3 b4 51. h5 Qxh5+ 52. Kg2 Qd5+ 53. Kh3 c4 54. g4 c3 55. Kh4 c2 56. g5 c1=Q 57. g6 Qcg5+ 58.
Kh3 Qh1# 0-1

[Event "*** SCC Grand Prix: Titled Tuesday Blitz"]
[Site "Chess.com"]
[Date "2020.10.06"]
[Round "3"]
[White "Jospem"]
[Black "RobertoJBM"]
[Result "1-0"]
[WhiteElo "2989"]
[BlackElo "2730"]
[TimeControl "180+1"]
[EndTime "10:28:08 PDT"]
[Termination "Jospem won on time"]

1. e4 c6 2. d4 d5 3. exd5 cxd5 4. Bd3 Nc6 5. c3 Nf6 6. h3 g6 7. Nf3 Bf5 8. O-O Bxd3 9. Qxd3 Bg7 10. Bf4 O-O 11.
Nbd2 e6 12. Rfe1 Re8 13. a4 b6 14. Ne5 Nxe5 15. Bxe5 Nd7 16. Bxg7 Kxg7 17. Nf3 Qc7 18.
h4 Qf4 19. g3 Qf5 20. Qe2 Qg4 21. Qe3 Qf5 22. Kg2 Rac8 23. Qe2 Rc7 24. a5 Rb8 25. axb6 Rxb6 26. Ra2 Rcb7 27. Rea1 Qe4 28. Qxe4 dxe4 29. Nd2 Rxb2 30. Rxb2 Rxb2 31. Nxe4 Nf6 32. Nxf6 Kxf6 33. Rxa7 Rc2 34. Rc7 h5 35. Kf3 Ra2 36. Ke3 Rb2 37. Rc6 Ke7 38. Rc7+ Kf6 39. c4 Rb3+ 40. Kf4 Rc3 41. c5 Rc4 42. Ke3 Rc3+ 43. Kd2 Rf3 44. Ke2 Rc3 45. f3 Ra3 46. g4 hxg4 47.
fxg4 Rh3 48. g5+ Kf5 49. Rxf7+ Ke4 50. c6 Kxd4 51. Rd7+ Ke5 52. c7 Rc3 53. h5 gxh5 54. g6 1-0

[Event "*** SCC Grand Prix: Titled Tuesday Blitz"]
[Site "Chess.com"]
[Date "2020.10.06"]
[Round "3"]
[White "Gabrielian_Artur"]
[Black "Brave_spirit12"]
[Result "1-0"]
[WhiteElo "2751"]
[BlackElo "2486"]
[TimeControl "180+1"]
[EndTime "10:28:08 PDT"]
[Termination "Gabrielian_Artur won by resignation"]

1. e4 e6 2. d4 d5 3. e5 c5 4. c3 Nc6 5. Nf3 Qb6 6. a3 f6 7.
Be2 fxe5 8. dxe5 g6 9. O-O Bg7 10. Re1 Nh6 11. c4 d4 12. Bd3 Nf7 13. Bf4 O-O 14.
Qc2 Bd7 15. Nbd2 Ne7 16. h4 Nh6 17. Bg5 Nef5 18. Ne4 Bc6 19. Rab1 a5 20. b3 Rf7 21. Qd2 Ng4 22. b4 cxb4 23. axb4 a4 24. c5 Qc7 25.
Nd6 Bxf3 26. gxf3 Nxe5 27. Rxe5 Bxe5 28. Nxf7 Qxf7 29. Bc4 h6 30. Qa2 Re8 31. Re1 Qc7 32. Bxe6+ Kg7 33. Bxf5 Bh2+ 34. Kf1 Rxe1+ 35. Kxe1 hxg5 36.
Be4 gxh4 37. Qxa4 Be5 38. Qe8 h3 39. Qxg6+ Kf8 40. Qf5+ Ke7 41. Qxh3 b6 42. Qh7+ Kd8 43. Qg8+ Ke7 44. c6 Qd6 45. Kf1 Qxb4 46. Qh7+ Kd6 47.
Qd7+ Kc5 48. Qe7+ Bd6 49. Qg5+ Kc4 50. Kg2 Kc3 51. Qc1+ Kb3 52. Bd5+ Ka4 53. c7 Bxc7 54. Qc6+ Ka5 55. Qa8+ Kb5 56. Qc6+ Ka5 57. Qxc7 Qc5 58.
Qxc5+ bxc5 59. Kf1 Kb4 60. Ke2 Kc3 61. f4 c4 62. f5 d3+ 63. Kd1 Kb2 64. Bxc4 1-0

[Event "*** SCC Grand Prix: Titled Tuesday Blitz"]
[Site "Chess.com"]
[Date "2020.10.06"]
[Round "3"]
[White "IMJonathanCarlstedt"]
[Black "PavelChernomordik"]
[Result "0-1"]
[WhiteElo "2519"]
[BlackElo "2366"]
[TimeControl "180+1"]
[EndTime "10:28:08 PDT"]
[Termination "PavelChernomordik won by resignation"]

1. d4 g6 2. Bf4 Bg7 3. e3 d6 4. Nf3 Nd7 5. h3 e5 6. Bh2 Qe7 7. Be2 Nh6 8. Nc3 c6 9. O-O O-O 10. a4 f5 11. a5 g5 12. dxe5 dxe5 13. Nd2 Nf7 14. e4 f4 15. Kh1 Nf6 16. f3 h5 17.
Bg1 Be6 18. Nb3 Rfd8 19. Qe1 g4 20. Nc5 gxh3 21. Nxe6 Qxe6 22. Qh4 hxg2+ 23. Kxg2 Bh6 24. Qh3 Qe7 25. Bc4 Kh8 26. Kh1 Ng5 27. Qf5 Rf8 28. Qg6 Qg7 29. Qxg7+ Kxg7 30. Kg2 h4 31. Bc5 Rfd8 32.
Rfd1 h3+ 33. Kf2 Nh5 34. Ne2 Kf6 35. b4 Ne6 36. Rh1 Nxc5 37. bxc5 Bg5 38. Rxh3 Ng3 39. Nxg3 fxg3+ 40. Kxg3 Rd2 41. Rh7 Bf4+ 42. Kg4 Rg2+ 43. Kh5 Rh2+ 44. Kg4 Rxh7 45. Rd1 Rah8 46. Rd6+ Ke7 47.
Re6+ Kd7 48. Rg6 Rh4+ 49. Kf5 Rf8+ 50. Rf6 Rxf6+ 51. Kxf6 Rh2 52. Be6+ Kc7 53. c4 Ra2 54. Kf5 Rxa5 55. Kf6 Rxc5 56. Kf5 a5 57. Kf6 a4 58. Ke7 a3 59. Bd7 a2 60. Be6 a1=Q 61. Bd7 Qd4 62.
Be6 Qd6+ 63. Kf7 Ra5 0-1

[Event "*** SCC Grand Prix: Titled Tuesday Blitz"]
[Site "Chess.com"]
[Date "2020.10.06"]
[Round "3"]
[White "VinzentSpitzl"]
[Black "gixfantastix"]
[Result "1-0"]
[WhiteElo "2321"]
[BlackElo "2071"]
[TimeControl "180+1"]
[EndTime "10:28:08 PDT"]
[Termination "VinzentSpitzl won on time"]

1. e4 Nf6 2. Nc3 e5 3. Nf3 Nc6 4. a3 d5 5. exd5 Nxd5 6. Bb5 Nxc3 7. bxc3 Bd6 8. O-O O-O 9. d4 Bg4 10. Bxc6 bxc6 11. dxe5 Bxf3 12. Qxf3 Bxe5 13. Qxc6 Rb8 14. Be3 Rb2 15. Bxa7 Qh4 16. g3 Qf6 17. Qxf6 Bxf6 18. Bd4 Rxc2 19. Rfc1 Rd2 20. Bxf6 gxf6 21. a4 Re8 22. a5 Ree2 23. Rf1 Ra2 24. a6 Rxf2 25. Rxa2 Rxa2 26. Rxf6 Kg7 27. Rc6 h5 28. h4 Kf8 29.
c4 Ke8 30. Rxc7 Rxa6 31. Kf2 Ra3 32. c5 Kf8 33. c6 Rc3 34. Rc8+ Kg7 35. c7 Kf6 36. Ke2 Kf5 37. Kd2 Rc6 38. Kd3 Rd6+ 39. Kc4 Rd7 40. Kc5 Re7 41. Kd6 Re6+ 42. Kd7 Re3 43.
Rg8 Rd3+ 44. Ke8 Rc3 45. Kd8 Rd3+ 46. Kc8 Rc3 47. Rg5+ Kf6 48. Rxh5 1-0

[Event "*** SCC Grand Prix: Titled Tuesday Blitz"]
[Site "Chess.com"]
[Date "2020.10.06"]
[Round "3"]
[White "Savagelittlemole"]
[Black "Thee-Chessboy"]
[Result "1-0"]
[WhiteElo "2585"]
[BlackElo "2402"]
[TimeControl "180+1"]
[EndTime "10:28:09 PDT"]
[Termination "Savagelittlemole won by checkmate"]

1. e4 c5 2. Ne2 d6 3. g3 Nc6 4. Bg2 g6 5. O-O Bg7 6. c3 e5 7.
Na3 Nge7 8. Nc2 c4 9. b3 Be6 10.
bxc4 Bxc4 11. d3 Be6 12. d4 Bc4 13. Ne3 Bxe2 14. Qxe2 exd4 15. Nd5 O-O 16. Bg5 h6 17. Bxe7 Nxe7 18. Nxe7+ Qxe7 19. cxd4 Bxd4 20. Rad1 Bc5 21. Kh1 Rac8 22. f4 Bb6 23. f5 Kh7 24. Qd3 Rcd8 25.
Rde1 Qe5 26. Rb1 Rc8 27. Rb5 Rc5 28. Rxc5 Bxc5 29. fxg6+ Kxg6 30. Qf3 b5 31. Bh3 Kg7 32. Bf5 Qf6 33. Qd1 Qg5 34. Rf4 Kh8 35. Qa1+ Qg7 36. Qf1 b4 37. Qh3 a5 38. Rh4 Be3 39. Qf1 Bg5 40.
Rh5 Qf6 41. h4 Be3 42. Kg2 d5 43. exd5 Rd8 44. Qd3 Re8 45. d6 Bb6 46. Kh3 Re3 47. Qd5 Re5 48. Qf3 Re3 49. Qg4 Qg7 50. Qf4 Qc3 51.
Qxh6+ Kg8 52. Bh7+ Kh8 53. Qf8# 1-0

[Event "*** SCC Grand Prix: Titled Tuesday Blitz"]
[Site "Chess.com"]
[Date "2020.10.06"]
[Round "3"]
[White "Reader777"]
[Black "bocah_sakit"]
[Result "0-1"]
[WhiteElo "2651"]
[BlackElo "2833"]
[TimeControl "180+1"]
[EndTime "10:28:12 PDT"]
[Termination "bocah_sakit won by resignation"]

1. d4 Nf6 2. c4 g6 3. Nc3 Bg7 4. e4 d6 5. f4 O-O 6. Nf3 c5 7. d5 e6 8. Be2 exd5 9. cxd5 Re8 10. e5 dxe5 11. fxe5 Ng4 12. e6 fxe6 13. d6 Nc6 14. O-O Bd7 15. Ne4 Qb6 16. Kh1 Rf8 17. h3 Nge5 18. Be3 Nxf3 19. Bxf3 Nd4 20. Rc1 Rac8 21.
Bg4 Nf5 22. Bxf5 exf5 23. Nxc5 Bc6 24. Qd2 Qxb2 25. Qxb2 Bxb2 26. Rb1 Bf6 27. Nxb7 Be4 28. Rb3 Rc2 29. Rf2 f4 30. Rxc2 Bxc2 31. Bxf4 Bxb3 32. axb3 Kf7 33. Be3 Ke6 34. Bxa7 Rf7 35. Nc5+ Kxd6 36. Ne4+ Ke5 37. Nxf6 Rxa7 38. Ng4+ Kf4 39. Nf6 h5 40.
Kh2 Ra2 41. Nd5+ Ke5 42. Ne3 Kd4 43. Nc4 h4 44. Nd6 Rb2 45. Nb5+ Ke3 46. Nc3 Rxb3 47. Nd5+ Ke4 48. Nf6+ Ke3 49. Nd5+ Kf2 50. Nf4 Rg3 51.
Kh1 g5 52. Ng6 Rxg2 53. Ne5 Rg3 54. Kh2 Ra3 55. Ng4+ Kf3 56. Ne5+ Ke4 57. Ng4 Kf4 58. Nf2 Kf3 59. Ng4 Ra2+ 60. Kh1 Kg3 0-1

[Event "*** SCC Grand Prix: Titled Tuesday Blitz"]
[Site "Chess.com"]
[Date "2020.10.06"]
[Round "3"]
[White "platy3"]
[Black "NikolaGry"]
[Result "1-0"]
[WhiteElo "2809"]
[BlackElo "2616"]
[TimeControl "180+1"]
[EndTime "10:28:12 PDT"]
[Termination "platy3 won by checkmate"]

1. e4 d6 2. d4 Nf6 3. Nc3 g6 4. Nf3 Bg7 5. Be3 a6 6. Qd2 b5 7. Bd3 Bb7 8. a3 O-O 9. Bh6 Nbd7 10. h4 e5 11. d5 Nc5 12. h5 Nxh5 13. b4 Nd7 14. Ne2 Bh8 15. Rd1 Nhf6 16. Ng3 Re8 17. Bg5 Qe7 18. Kf1 Qf8 19. c4 bxc4 20. Bxc4 Bg7 21.
Be2 a5 22. Rc1 Rec8 23. Kg1 axb4 24. axb4 c6 25. dxc6 Bxc6 26. Rh4 d5 27. b5 Bb7 28. exd5 Rxc1+ 29. Qxc1 Nxd5 30. Rc4 e4 31. Nd4 N7b6 32. Nxe4 Nxc4 33. Qxc4 Ra1+ 34. Kh2 Qb8+ 35. g3 h6 36. Nc6 Bxc6 37. bxc6 hxg5 38. Qxd5 Qb1 39.
Bf3 Qg1+ 40. Kh3 g4+ 41. Kxg4 Qc1 42. Qd8+ Bf8 43. c7 f5+ 44. Kh3 fxe4 45. c8=Q Qf1+ 46. Bg2 Qxf2 47. Qd5+ Kg7 48. Qc3+ Kh6 49. Qh8# 1-0

[Event "*** SCC Grand Prix: Titled Tuesday Blitz"]
[Site "Chess.com"]
[Date "2020.10.06"]
[Round "3"]
[White "Indianlad"]
[Black "venus02"]
[Result "1-0"]
[WhiteElo "2931"]
[BlackElo "2474"]
[TimeControl "180+1"]
[EndTime "10:28:12 PDT"]
[Termination "Indianlad won on time"]

1. Nf3 Nf6 2. g3 d5 3. Bg2 e6 4. O-O Be7 5. c4 O-O 6. b3 c6 7. Bb2 b6 8. d4 Bb7 9. Nbd2 Nbd7 10. Rc1 Rc8 11. Re1 c5 12. cxd5 exd5 13. dxc5 bxc5 14. e3 Re8 15. Nb1 Ne4 16. Nc3 Ndf6 17. Nxe4 Nxe4 18. Nd2 Bf6 19. Nxe4 Bxb2 20. Rc2 Ba3 21.
Nc3 Bb4 22. Ree2 Ba6 23. Nxd5 Bxe2 24. Qxe2 Ba5 25. h4 Qd6 26. h5 h6 27. Rc1 Qe5 28.
Rd1 Bd8 29. Bh3 Rb8 30. Qf3 Bg5 31. Bf5 Qb2 32. Bd3 Re5 33. Bc4 Rf8 34. Nc7 Qc2 35.
Rd7 Rf5 36. Qe2 Qxe2 37. Bxe2 Rd8 38. Rxd8+ Bxd8 39. Nb5 Bb6 40. Bc4 Rxh5 41. Nd6 Kf8 42. f4 Bc7 43. Nb5 Bb8 44. e4 g5 45. Be2 a6 46. Nc3 Rh3 47. Kg2 Rxg3+ 48. Kxg3 Bxf4+ 49. Kg4 a5 50. Nd5 Bd2 51. Kh5 Kg7 52. Bg4 Bc1 53. Bf5 Bd2 54. Kg4 Bc1 55. Nb6 Kf6 56. Nd7+ 1-0